 Dungeon Crawl Stone Soup version 0.31-a0-1008-g5b978da (webtiles) character file.

Game seed: 14325106943421848324

81 Partyfoot the Trooper (level 4, -1/37 HPs)
             Began as a Formicid Fighter on Nov 12, 2023.
             Succumbed to a water moccasin's poison
             ... on level 3 of the Dungeon.
             The game lasted 00:03:35 (1657 turns).

Partyfoot the Trooper (Formicid Fighter)            Turns: 1657, Time: 00:03:35

Health: -1/37      AC:  7    Str: 21    XL:     4   Next: 68%
Magic:  4/4        EV:  9    Int:  7    God:
Gold:   38         SH:  6    Dex: 21    Spells: 3/3 levels left

rFire   . . .        a - +0 flail
rCold   . . .        c - +0 buckler
rNeg    . . .        b - +0 scale mail
rPois   .            (helmet unavailable)
rElec   .            (no cloak)
rCorr   .            (no gloves)
SInv    +            (no boots)
Will    .....        (no amulet) Stlth
                     h - +6 ring of dexterity
HPRegen 0.26/turn    (no ring)
MPRegen 0.09/turn

%: no passive effects
@: lethally poisoned (-1 -> -6)
A: permanent stasis, dig shafts and tunnels, antennae 3, four strong arms
a: Dig, Shaft Self


You were on level 3 of the Dungeon.
You visited 1 branch of the dungeon, and saw 3 of its levels.

You collected 38 gold pieces.

Inventory:

Hand Weapons
 a - a +0 flail (weapon)
 m - a +0 whip of holy wrath
Armour
 b - a +0 scale mail (worn)
 c - a +0 buckler (worn)
Jewellery
 f - a +6 ring of intelligence
 h - a +6 ring of dexterity (left hand)
Scrolls
 e - 2 scrolls of identify {unknown}
 j - 2 scrolls of teleportation {unknown}
 k - a scroll of revelation {unknown}
 l - a scroll of immolation {unknown}
 n - a scroll of fog {unknown}
Potions
 d - a potion of might
 g - a potion of attraction {unknown}
 i - a potion of curing {unknown}


   Skills:
 + Level 4.2 Fighting
 + Level 3.0 Maces & Flails
 + Level 4.1 Armour
 - Level 4.0 Shields


You had 3 spell levels left.
You didn't know any spells.
Your spell library contained the following spells:

 Spells                   Type           Power      Damage    Failure   Level
 Call Canine Familiar     Summ           0%         N/A       99%         3
 Sigil of Binding         Hex            0%         N/A       99%         3
 Dimensional Bullseye     Hex/Tloc       0%         N/A       100%        4
 Leda's Liquefaction      Hex/Erth       0%         N/A       100%        4


Dungeon Overview and Level Annotations

Branches:
Dungeon (3/15)

Altars:


Innate Abilities, Weirdness & Mutations

You cannot be hasted, slowed, berserked, paralysed or teleported.
You can dig through walls and to a lower floor.
You have a pair of large antennae on your head. (SInv)
Your four strong arms can wield two-handed weapons with a shield.


Message History

The ball python bites you. The ball python misses you.
You miss the water moccasin.
The water moccasin is lightly wounded.
You feel very sick. The water moccasin bites you.
The ball python closely misses you. You block the ball python's attack.
The water moccasin barely misses you.
You barely miss the water moccasin.
The water moccasin is lightly wounded.
You feel sick. The ball python bites you. You block the ball python's attack.
The water moccasin bites you.
You are lethally poisoned!
The water moccasin poisons you!
The ball python bites you but does no damage.
You block the ball python's attack. The water moccasin closely misses you.
You hit the water moccasin.
The water moccasin is lightly wounded.
* * * LOW HITPOINT WARNING * * *
You feel very sick.
The water moccasin bites you but does no damage.
You block the ball python's attack. The ball python barely misses you.
The water moccasin bites you.
* * * LOW HITPOINT WARNING * * *
You hit the water moccasin.
The water moccasin is moderately wounded.
* * * LOW HITPOINT WARNING * * *
You feel very sick.
The ball python bites you but does no damage.
The ball python barely misses you. The water moccasin barely misses you.
The ball python barely misses you. x2
You closely miss the water moccasin.
The water moccasin is moderately wounded.
* * * LOW HITPOINT WARNING * * *
You feel sick. The water moccasin barely misses you.
The ball python bites you but does no damage.
You block the ball python's attack.
The water moccasin bites you but does no damage.
The ball python barely misses you. You block the ball python's attack.
You closely miss the water moccasin.
The water moccasin is moderately wounded.
You die...

...................#
..#####............#
. ................#
................#
#................#
#................#
#................+
....#######.....#
.......bS@.....#
......S.........
................
................
................
................
................
...............


You could see a water moccasin, a bat and a ball python.

Vanquished Creatures
  3 adders (D:2)
  A worm (D:2)
  A dart slug (D:2)
  5 endoplasms
  4 goblins (D:1)
  4 hobgoblins (D:2)
  6 jackals (D:2)
  2 kobolds
  3 quokkas
  6 ball pythons
  2 bats
  4 frilled lizards
  5 rats
46 creatures vanquished.

Notes
Turn   | Place    | Note
-------+----------+-------------------------------------------
     0 | D:1      | Partyfoot the Formicid Fighter began the quest for the Orb.
     0 | D:1      | Reached XP level 1. HP: 18/18 MP: 1/1
   211 | D:1      | Reached XP level 2. HP: 20/24 MP: 2/2
   720 | D:2      | Reached XP level 3. HP: 30/30 MP: 3/3
   971 | D:2      | Reached XP level 4. HP: 37/37 MP: 4/4
  1646 | D:3      | Noticed a water moccasin
  1656 | D:3      | HP: 1/37 [poisoned by a water moccasin]
  1657 | D:3      | Succumbed to a water moccasin's poison

Illustrated notes

Levels and vault maps discovered:
D:1:      lightli_arrival_flooded_house, layout_basic, serial_glass,
          glass_columns_a, glass_columns_c, glass_columns_a, glass_columns_c,
          minmay_strange_pillars, due_unseen_surprise, minmay_strange_pillars
D:2:      layout_basic, minmay_pentomino_pile
D:3:      layout_basic, elyvilon_altar_5, uniq_sigmund

Skill      XL: |  1  2  3  4 |
---------------+-------------+-----
Fighting       | 4 |  4.2
Armour         | 4 |  4.1
Maces & Flails | 3 |  3.0
Shields        | |  4.0

Action                     |  1- 3 |  4- 6 || total
---------------------------+-------+-------++-------
  Melee: Flail             |    86 |    55 ||   141
 Armour: Scale mail        |    58 |    38 ||    96
  Dodge: Dodged            |    30 |    41 ||    71
  Block: Buckler           |    29 |    19 ||    48

Table legend: (Time is in decaauts)
 A = Elapsed time spent in this place.
 B = Non-inter-level travel time spent in this place.
 C = Inter-level travel time spent in this place.
 D = Time resting spent in this place.
 E = Time spent auto-exploring this place.
 F = Levels seen in this place.
 G = Mean time per level.
                   A        B        C        D        E       F      G
               +--------+--------+--------+--------+--------+-----+--------+
         Total |   1698 |   1615 |     83 |      0 |   1276 |   3 |  566.0 |
       Dungeon |   1698 |   1615 |     83 |      0 |   1276 |   3 |  566.0 |
               +--------+--------+--------+--------+--------+-----+--------+

Top non-repeatable levels by time:
     D:2: 842 daAuts
     D:1: 697 daAuts
     D:3: 158 daAuts
